 Dungeon Crawl Stone Soup version 0.20-a0-1116-gaa52201 (webtiles) character file.

150 Angani the Vexing (level 5, 0/18 HPs)
             Began as a Felid Conjurer on May 7, 2017.
             Slain by an ogre
             ... wielding a +0 giant club
              (18 damage)
             ... on level 5 of the Dungeon.
             The game lasted 00:16:02 (5118 turns).

Angani the Vexing (Felid Conjurer)                  Turns: 5118, Time: 00:16:02

Health: 0/18       AC:  2    Str:  4    XL:     5   Next: 10%
Magic:  15/21      EV: 20    Int: 18    God:
Gold:   206        SH:  0    Dex: 15    Spells: 7/12 levels left
                                        Lives:  0   Deaths: 1

rFire    . . .     SeeInvis +   (weapon unavailable)
rCold    . . .     Gourm    .   (shield unavailable)
rNeg     . . .     Faith    .   (armour unavailable)
rPois    +         Spirit   .   (helmet unavailable)
rElec    .         Reflect  .   (cloak unavailable)
rCorr    .         Harm     .   (gloves unavailable)
MR       .....     Clarity  +   (boots unavailable)
Stlth    +++.......             (no amulet)
Regen    0.1/turn               o - +2 ring of evasion
MPRegen  0.2/turn               j - ring of magical power

@: quick
A: no armour, no weapons or thrown items, stealth, claws 1, fangs 3, see
invisible, carnivore 3, clarity, clumsy 1, speed 1, frail 1, poison resistance,
shaggy fur 2, slow metabolism 1, sharp paws
a: no special abilities


You were on level 5 of the Dungeon.
You were not hungry.

You visited 1 branch of the dungeon, and saw 5 of its levels.

You collected 206 gold pieces.

Inventory:

Jewellery
 j - a ring of magical power (right paw)
 l - an uncursed ring of protection from fire
 o - a +2 ring of evasion (left paw)
Wands
 q - a wand of acid (7/15)
Scrolls
 c - 2 scrolls of immolation
 d - a scroll of recharging
 g - a scroll of remove curse
 k - a scroll of teleportation
Potions
 m - a potion of brilliance
 p - a potion of flight {unknown}
 r - a potion of curing
Books
 a - a book of Conjurations

   Spells                             Type                      Level
   a - Magic Dart                     Conjuration                  1
   b - Searing Ray                    Conjuration                  2
   c - Dazzling Spray                 Conjuration/Hexes            3
   d - Fulminant Prism                Conjuration/Hexes            4
   e - Force Lance                    Conjuration/Translocation    4
   f - Iskenderun's Mystic Blast      Conjuration                  4
Comestibles
 b - 3 meat rations
 h - a chunk of flesh


   Skills:
 - Level 2.8 Dodging
 - Level 2.6 Stealth
 - Level 4.0 Spellcasting
 - Level 3.6 Conjurations
 + Level 6.7 Hexes


You had 7 spell levels left.
You knew the following spells:

 Your Spells              Type           Power        Failure   Level  Hunger
a - Magic Dart            Conj           ###.         3%          1    None
b - Fulminant Prism       Conj/Hex       ###.......   17%         4    ####...


Dungeon Overview and Level Annotations

Branches:
Dungeon (5/15)
 Temple: D:4-7

Altars:

Annotations:
D:3 sour's ghost, amateur DgCj
D:4 Blork the orc; Grinder


Innate Abilities, Weirdness & Mutations

You cannot wear armour.
You are incapable of wielding weapons or throwing items.
Your paws allow you to move quietly. (Stealth)
You have sharp claws.
You have razor-sharp teeth.
You have supernaturally acute eyesight. (SInv)
You are carnivorous and can eat meat at any time.
You cover ground quickly.
You are covered in thick fur. (AC +2)
You have a slow metabolism.
Your sharp claws are effective at attacking unaware monsters.
You possess an exceptional clarity of mind.
You are clumsy. (Dex -2)
You are frail. (-10% HP)
Your system is resistant to poisons. (rPois)


Message History

The magic dart hits the ogre.
The ogre is almost dead.
Casting: Magic Dart
Confirm with . or Enter, or press ? or * to list all spells.
Aiming: Magic Dart
Press: ? - help, Shift-Dir - straight line, f/p - ogre
Aim: an ogre, wielding a giant club (almost dead)
The magic dart hits the ogre.
The ogre is almost dead.
The ogre closely misses you.
Casting: Magic Dart
Confirm with . or Enter, or press ? or * to list all spells.
Aiming: Magic Dart
Press: ? - help, Shift-Dir - straight line, f/p - ogre
Aim: an ogre, wielding a giant club (almost dead)
The magic dart hits the ogre.
The ogre is almost dead.
The ogre hits you with a giant club!!
Ouch! That really hurt!
You die...

..##. .#### >.....
... #...##..#
#....#.###
#..#....=#..
#...##......
###..##.#..##
#######...$...# ...
#.@O.........## ##
.......######....(#
.....## #.....#
.... #.....# ...
#.....# .. #######
#


You could see an ogre.

Vanquished Creatures
  2 hounds
  An iguana (D:4)
  A worker ant (D:4)
  A gnoll (D:1)
  8 adders
  4 worms (D:2)
  A dart slug (D:1)
  2 leopard geckos
  3 orcs (D:4)
  6 giant cockroaches
  6 hobgoblins
  7 jackals
  A quokka (D:2)
  9 bats
  8 frilled lizards
  10 goblins
  12 kobolds
  8 rats
90 creatures vanquished.

Vanquished Creatures (others)
  2 fulminant prisms
2 creatures vanquished.

Grand Total: 92 creatures vanquished

Notes
Turn   | Place    | Note
-------+----------+-------------------------------------------
     0 | D:1      | Angani the Felid Conjurer began the quest for the Orb.
     0 | D:1      | Reached XP level 1. HP: 7/7 MP: 4/4
   348 | D:1      | Reached XP level 2. HP: 11/11 MP: 2/6
  1326 | D:1      | Reached XP level 3. HP: 14/14 MP: 6/8
  2518 | D:3      | Noticed sour's ghost (amateur DgCj)
  2986 | D:3      | Reached XP level 4. HP: 18/18 MP: 6/11
  2987 | D:3      | Gained mutation: You are clumsy. (Dex -2) [potion of mutation]
  2987 | D:3      | Gained mutation: You are frail. (-10% HP) [potion of mutation]
  2987 | D:3      | Gained mutation: Your system is resistant to poisons. (rPois) [potion of mutation]
  2987 | D:3      | Gained mutation: You possess an exceptional clarity of mind. [potion of mutation]
  3030 | D:3      | Learned a level 4 spell: Fulminant Prism
  3405 | D:2      | Reached skill level 1 in Hexes
  3521 | D:2      | Reached skill level 2 in Hexes
  3925 | D:2      | Reached skill level 3 in Hexes
  4145 | D:2      | Reached skill level 4 in Hexes
  4145 | D:2      | Reached XP level 5. HP: 18/18 MP: 12/12
  4734 | D:3      | Noticed a centaur
  4795 | D:4      | Noticed a phantom
  4806 | D:4      | Noticed Blork the orc
  4914 | D:4      | Reached skill level 5 in Hexes
  5056 | D:4      | Reached skill level 6 in Hexes
  5076 | D:4      | Noticed Grinder
  5083 | D:5      | Entered Level 5 of the Dungeon
  5084 | D:5      | Gained mutation: You are covered in thick fur. (AC +2) [Felid growth]
  5084 | D:5      | Reached XP level 6. HP: 12/21 MP: 8/13
  5095 | D:5      | Slain by a killer bee zombie
  5096 | D:5      | Reached XP level 5. HP: 0/18 MP: 10/21
  5098 | D:5      | Noticed an ogre
  5118 | D:5      | Slain by an ogre

Vault maps used:
D:1:      saegor_arrival_simple_d, minmay_misc_feat_five, serial_bayou_lagoon_a,
          roderic_serpentine_path
D:2:      minmay_tall_x
D:4:      gup_sewer_entry_bowl, first_bread, uniq_grinder, uniq_blork_the_orc
D:5:      kennysheep_mini, old_standard_altar, kennysheep_mini_moat

Skill      XL: |  1  2  3  4  5 |
---------------+----------------+-----
Spellcasting   | 3 4 |  4.0
Hexes          | 4 6 |  6.7
Dodging        | |  2.8
Stealth        | |  2.6
Conjurations   | |  3.6

Action                   |  1- 3 |  4- 6 || total
-------------------------+-------+-------++-------
Melee: Unarmed           |     9 |     7 ||    16
       Bite              |       |     1 ||     1
 Cast: Magic Dart        |   127 |   135 ||   262
       Fulminant Prism   |       |     2 ||     2
  Use: Scroll            |       |    12 ||    12
       Potion            |       |     3 ||     3
 Stab: Sleeping          |     1 |     2 ||     3
  Eat: Chunk             |    11 |     4 ||    15
Armor: Skin              |     2 |     2 ||     4
Dodge: Dodged            |    35 |    47 ||    82
